 Dungeon Crawl Stone Soup version 0.31.0-11-ge490571c62 (webtiles) character file.

Game seed: 10486478294297575936

131 qw the Skirmisher (level 4, -8/25 HPs)
             Began as a Deep Elf Hunter on Feb 4, 2024.
             Killed by nerve-wracking pain
             ... invoked by Jessica
              (14 damage)
             ... on level 3 of the Dungeon.
             The game lasted 00:00:06 (2024 turns).

qw the Skirmisher (Deep Elf Hunter)                 Turns: 2024, Time: 00:00:07

Health: -8/25      AC:  5    Str: 10    XL:     4   Next: 91%
Magic:  6/6        EV: 11    Int: 14    God:
Gold:   129        SH:  0    Dex: 18    Spells: 3/3 levels left

rFire   . . .        a - +0 shortbow
rCold   . . .        (shield currently unavailable)
rNeg    . . .        k - +0 ring mail
rPois   .            (no helmet)
rElec   .            (no cloak)
rCorr   .            (no gloves)
SInv    +            (no boots)
Will    .....        d - amulet of faith
Stlth   +            h - ring of see invisible
HPRegen 0.24/turn    (no ring)
MPRegen 0.10/turn

%: faith
@: no status effects
A: no striking features
a: no special abilities


You were on level 3 of the Dungeon.
You visited 1 branch of the dungeon, and saw 3 of its levels.

You collected 129 gold pieces.


   Skills:
 - Level 1.5 Fighting
 + Level 8.3 Ranged Weapons
 - Level 2.4 Dodging
 - Level 1.2 Stealth


You had 3 spell levels left.
You didn't know any spells.
Your spell library was empty.

Inventory:

Hand Weapons
 a - a +0 shortbow (weapon)
Armour
 k - a +0 ring mail (worn)
Jewellery
 d - an amulet of faith (around neck)
 h - a ring of see invisible (left hand)
Potions
 b - a potion of enlightenment {unknown}
 c - a potion of cancellation {unknown}
 e - a potion of curing
 g - 2 potions of magic {unknown}
 i - a potion of might

Dungeon Overview and Level Annotations

Branches:
Dungeon (3/15)

Altars:

Annotations:
D:3 Jessica


Message History

You shoot an arrow.
The arrow hits the hound but does no damage.
The hound is heavily wounded.
The hound closely misses you. x2
You shoot an arrow. The arrow hits the hound.
The hound is heavily wounded.
The hound barely misses you. Jessica gestures at you while chanting.
Pain shoots through your body!
You shoot an arrow. The arrow hits the hound.
The hound is heavily wounded.
The hound barely misses you. The hound bites you.
Jessica points at you and mumbles some strange words.
You barely resist. You shoot an arrow.
The arrow hits the hound but does no damage.
The hound is heavily wounded.
The hound bites you. x2; Jessica hits you but does no damage.
You shoot an arrow. The arrow closely misses the hound.
The arrow hits the hobgoblin.
The hobgoblin is heavily wounded.
The hound closely misses you.
Jessica zaps a wand.
The puff of flame hits you. The hound closely misses you.
You shoot an arrow. The arrow hits the hound.
The hound is severely wounded.
An orc comes into view. It is wielding a +0 mace.
Jessica gestures at you while chanting. Pain shoots through your body!
The hound barely misses you.
You shoot an arrow. The orc shouts!
The arrow hits the hound!
You kill the hound!
Jessica barely misses you.
Your Ranged Weapons skill increases to level 8!
You shoot an arrow. The arrow hits the hobgoblin.
You kill the hobgoblin!
Jessica gestures at you while chanting. Pain shoots through your body!
Ouch! That really hurt!
You die...

...... .. #....#
... #..[o# ...#
#....# ... #....#
#.##....#
...#..@.)..#
......%@#####
.##...#.#...#####
................#
.##...#.....###.#
#...#.....# #.#
### #.....# #.#
#.....# #.#
#....## #.#
#.....###.#


You could see Jessica and an orc.

Vanquished Creatures
  A hound (D:3)
  Terence (D:3)
  3 adders (D:2)
  5 bats
  3 endoplasms
  3 giant cockroaches
  7 goblins
  4 hobgoblins
  2 jackals (D:2)
  5 ball pythons
  5 frilled lizards (D:1)
  5 kobolds
  6 rats
50 creatures vanquished.

Notes
Turn   | Place    | Note
-------+----------+-------------------------------------------
     0 | D:1      | qw the Deep Elf Hunter began the quest for the Orb.
     0 | D:1      | Reached XP level 1. HP: 12/12 MP: 3/3
     0 | D:1      | 0 ||| qw: Version: 0.3-a-160-g6735b56
     0 | D:1      | 0 ||| qw: Game counter: 4871
     0 | D:1      | 0 ||| qw: Melee chars always use a shield: true
     0 | D:1      | 0 ||| qw: God list: Okawaru
     0 | D:1      | 0 ||| qw: Allow faded altars: false
     0 | D:1      | 0 ||| qw: Do Orc after clearing Dungeon:15 true
     0 | D:1      | 0 ||| qw: Do second Lair branch before Depths: true
     0 | D:1      | 0 ||| qw: Lair rune preference: random
     0 | D:1      | 0 ||| qw: Goals: Normal
     0 | D:1      | 0 ||| PLANNING D:1-11
   308 | D:1      | Reached XP level 2. HP: 16/16 MP: 4/4
   346 | D:1      | Reached skill level 6 in Ranged Weapons
   908 | D:1      | 908 ||| UPGRADING to amulet of faith.
   913 | D:1      | 913 ||| UPGRADING to ring of see invisible.
   914 | D:1      | 914 ||| READING scroll labelled VOSIRI APPIJI.
   915 | D:1      | 915 ||| READING scroll labelled FYAXOI MEIZU.
  1016 | D:1      | 1016 ||| DRINKING 2 red potions.
  1017 | D:1      | 1017 ||| DROPPING scroll of butterflies.
  1322 | D:2      | Reached XP level 3. HP: 20/20 MP: 5/5
  1446 | D:2      | Reached skill level 7 in Ranged Weapons
  1694 | D:2      | 1694 ||| UPGRADING to +0 ring mail.
  1704 | D:2      | 1704 ||| DROPPING +0 leather armour.
  1705 | D:2      | 1705 ||| READING scroll labelled WAHOIF TAKAELEFAI.
  1706 | D:2      | 1706 ||| READING scroll labelled TUQIMO JIDAIN.
  1710 | D:2      | 1710 ||| READING scroll labelled JOMPI XIHOO.
  1711 | D:2      | 1711 ||| DRINKING 2 coppery potions.
  1810 | D:3      | Reached XP level 4. HP: 25/25 MP: 6/6
  1941 | D:3      | Noticed Terence
  1949 | D:3      | Killed Terence
  2008 | D:3      | Noticed Jessica
  2022 | D:3      | HP: 5/25 [Jessica/nerve-wracking pain (6)]
  2024 | D:3      | Reached skill level 8 in Ranged Weapons
  2024 | D:3      | Killed from afar by Jessica

Levels and vault maps discovered:
D:1:      dpeg_arrival_subterranean_lakeside_camping, layout_loops_corners
D:2:      layout_loops_cross
D:3:      layout_basic, dk_vineyard_3, st_stairs_7, minmay_ruptured,
          uniq_jessica, uniq_terence

Skill      XL: |  1  2  3  4 |
---------------+-------------+-----
Ranged Weapons | 6 7 8 |  8.3
Fighting       | |  1.5
Dodging        | |  2.4
Stealth        | |  1.2

Action                     |  1- 3 |  4- 6 || total
---------------------------+-------+-------++-------
   Fire: Shortbow          |   119 |    33 ||   152
    Use: Scroll            |     5 |       ||     5
         Potion            |     2 |       ||     2
 Armour: Leather armour    |    23 |       ||    23
         Ring mail         |       |    10 ||    10
  Dodge: Dodged            |    39 |    20 ||    59

Table legend:
 A = Non-vault XP
 B = Vault XP
 C = Vault XP percentage of total XP
 D = Non-vault monster count
 E = Vault monster count
 F = Vault count percentage of total count
                 A         B        C        D         E       F
            +---------+---------+-------+---------+---------+-------
      Total |     142 |      48 |  25.3 |      42 |       8 |  16.0
            +---------+---------+-------+---------+---------+-------
        D:1 |      18 |      10 |  35.7 |      14 |       6 |  30.0
        D:2 |      63 |       0 |   0.0 |      18 |       0 |   0.0
        D:3 |      61 |      38 |  38.4 |      10 |       2 |  16.7
            +---------+---------+-------+---------+---------+-------
